 Dungeon Crawl Stone Soup version 0.28.0 (webtiles) character file.

Game seed: 12227852324915879655

546 oldriver the Skirmisher (level 7, -13/46 HPs)
             Began as a Gargoyle Fighter on Feb 7, 2022.
             Mangled by a two-headed ogre (18 damage)
             ... on level 4 of the Dungeon.
             The game lasted 00:03:30 (3675 turns).

oldriver the Skirmisher (Gargoyle Fighter)          Turns: 3675, Time: 00:03:31

Health: -13/46     AC: 14    Str: 22    XL:     7   Next: 28%
Magic:  7/7        EV:  7    Int: 10    God:
Gold:   113        SH:  6    Dex: 21    Spells: 6/6 levels left

rFire   . . .      SeeInvis .   d - +11 mace of Slime {venom, Int+2 Dex+6}
rCold   . . .      Faith    .   c - +0 buckler
rNeg    + . .      Spirit   .   h - +0 chain mail
rPois   ∞          Reflect  .   (no helmet)
rElec   +          Harm     .   (no cloak)
rCorr   .          Rampage  .   (no gloves)
Will    .....                   (no boots)
Stlth   ..........              (no amulet)
HPRegen 0.15/turn               k - +6 ring of dexterity
MPRegen 0.10/turn               (no ring)

@: no status effects
A: sickness immunity, AC +4, negative energy resistance 1, electricity
resistance, torment resistance 1, petrification resistance
a: no special abilities


You were on level 4 of the Dungeon.
You visited 1 branch of the dungeon, and saw 4 of its levels.

You collected 113 gold pieces.

Inventory:

Hand Weapons
 b - a +0 hunting sling
 d - the +11 mace of Slime (weapon) {venom, Int+2 Dex+6}
   (You found it on level 2 of the Dungeon)

   It poisons the flesh of those it strikes.
   Int:       It affects your intelligence (+2).
   Dex:       It affects your dexterity (+6).
Missiles
 j - 28 stones (quivered)
Armour
 c - a +0 buckler (worn)
 h - a +0 chain mail (worn)
Jewellery
 k - a +6 ring of dexterity (left hand)
Wands
 o - a wand of iceblast (7)
 p - a wand of flame (10)
 q - a wand of paralysis (1)
Scrolls
 a - a scroll of silence {unknown}
 e - 6 scrolls of identify
 f - 2 scrolls of teleportation {unknown}
 g - a scroll of vulnerability {unknown}
 i - a scroll of blinking {unknown}
 m - a scroll of amnesia {unknown}
 s - a scroll of summoning {unknown}
Potions
 l - a potion of degeneration
 n - a potion of lignification
 r - a potion of curing {unknown}
 t - a potion of brilliance {unknown}
 u - a potion of might


   Skills:
 + Level 6.2 Fighting
 + Level 5.1 Maces & Flails
 + Level 4.1 Armour
 + Level 2.3 Stealth
 - Level 3.2 Shields


You had 6 spell levels left.
You didn't know any spells.
Your spell library contained the following spells:

 Spells                   Type           Power      Damage    Failure   Level
 Petrify                  Tmut/Erth      0%         N/A       100%        4
 Irradiate                Conj/Tmut      0%         3d13      100%        5
 Sublimation of Blood     Necr           Unusable   N/A       N/A         2

Dungeon Overview and Level Annotations

Branches:
Dungeon (4/15)
 Temple: D:4-7

Altars:
Elyvilon
Hepliaklqana
Kikubaaqudgha
Ru
Trog
Uskayaw
Zin


Innate Abilities, Weirdness & Mutations

You are immune to sickness and miasma.
Your stone body is resilient. (AC +4)
You are immune to poison.
You resist negative energy. (rN+)
You are resistant to electric shocks. (rElec)
You are resistant to unholy torment.
You are immune to petrification.


Message History

t - a fizzy pink potion
u - a potion of might A two-headed ogre comes into view.
It is wielding a +0 giant spiked club and a +0 giant club.
Found a leather armour.
The two-headed ogre shouts in stereo!
No target in view!
No target in view!
No target in view!
An endoplasm comes into view.
Okay, then.
The +11 mace of Slime {venom, Int+2 Dex+6} stops dripping with poison.
You are now empty-handed.
Really attack while wielding nothing?
Okay, then.
b - a +0 hunting sling (weapon)
No target in view!
You shoot a stone. The stone hits the two-headed ogre!
The two-headed ogre is lightly wounded.
No target in view!
You shoot a stone. The stone hits the two-headed ogre.
The two-headed ogre is lightly wounded.
You shoot a stone. The stone hits the two-headed ogre!
The two-headed ogre is moderately wounded.
You shoot a stone.
The stone hits the two-headed ogre but does no damage.
The two-headed ogre is moderately wounded.
You feel clever.
You feel agile.
The +11 mace of Slime {venom, Int+2 Dex+6} begins to drip with poison!
d - the +11 mace of Slime (weapon)
{venom, Int+2 Dex+6} You sock the two-headed ogre!
The two-headed ogre is poisoned.
The two-headed ogre is heavily wounded.
The two-headed ogre hits you with a +0 giant spiked club!!
Ouch! That really hurt!
The two-headed ogre hits you with a +0 giant club!
* * * LOW HITPOINT WARNING * * *
As you read the scroll labelled ENUSSU FAWINYR, it crumbles to dust.
It is a scroll of identify.
n - a potion of lignification The two-headed ogre hits you with a +0 giant spiked club!!
You die...

#.#... .... J#
#.#..###.#.##..
#.#..#... ...
#.#..#.###.##...
#.#..(.(......#
#.#..#.###.####
##.(..#.# [#
##O###.#.# .# #@##
##..# #.# #.#
#..###.#### #.##
##.........#
##.###.##.......##
##...###.........
#..## #.........
#..# #.......##
#..####.........
#..##...........


You could see a two-headed ogre (very poisoned).

Vanquished Creatures
  Sigmund (D:2)
  An ogre (D:4)
  A phantom (D:4)
  Jessica (D:2)
  An orc wizard (D:3)
  Ijyb (D:3)
  Terence (D:3)
  3 adders
  3 worms
  2 dart slugs
  6 orcs (D:3)
  9 ball pythons
  3 bats
  5 endoplasms
  A giant cockroach (D:4)
  6 goblins
  8 hobgoblins
  4 jackals
  2 quokkas
  11 kobolds
  5 rats
75 creatures vanquished.

Notes
Turn   | Place    | Note
-------+----------+-------------------------------------------
     0 | D:1      | oldriver the Gargoyle Fighter began the quest for the Orb.
     0 | D:1      | Reached XP level 1. HP: 14/14 MP: 1/1
   127 | D:1      | Reached XP level 2. HP: 19/19 MP: 2/2
   353 | D:1      | Found a faded altar of an unknown god.
   722 | D:1      | Reached XP level 3. HP: 24/24 MP: 3/3
   819 | D:1      | Reached skill level 4 in Fighting
  1540 | D:2      | Noticed Jessica
  1542 | D:2      | Killed Jessica
  1543 | D:2      | Reached XP level 4. HP: 30/30 MP: 4/4
  1684 | D:2      | Noticed Sigmund
  1701 | D:2      | Killed Sigmund
  1702 | D:2      | Reached skill level 5 in Fighting
  1702 | D:2      | Reached XP level 5. HP: 12/35 MP: 5/5
  1702 | D:2      | Reached XP level 6. HP: 14/40 MP: 6/6
  1909 | D:2      | Identified the +11 mace of Slime {venom, Int+2 Dex+6}
  2309 | D:3      | Noticed Terence
  2315 | D:3      | Killed Terence
  2336 | D:3      | Noticed Ijyb
  2352 | D:3      | Killed Ijyb
  2359 | D:3      | Reached skill level 1 in Stealth
  2526 | D:3      | Found a hide-covered altar of Uskayaw.
  2526 | D:3      | Found a glowing silver altar of Zin.
  2527 | D:3      | Found a hazy altar of Hepliaklqana.
  2529 | D:3      | Found an ancient bone altar of Kikubaaqudgha.
  2533 | D:3      | Found a sacrificial altar of Ru.
  2533 | D:3      | Found a bloodstained altar of Trog.
  2534 | D:3      | Found a white marble altar of Elyvilon.
  3216 | D:4      | Reached skill level 6 in Fighting
  3216 | D:4      | Reached XP level 7. HP: 38/46 MP: 7/7
  3406 | D:4      | Reached skill level 5 in Maces & Flails
  3655 | D:4      | Noticed a two-headed ogre
  3675 | D:4      | Mangled by a two-headed ogre

Illustrated notes

Levels and vault maps discovered:
D:1:      dpeg_arrival_round_b, layout_basic, nicolae_ecumenical_lake_church
D:2:      layout_basic, uniq_sigmund, uniq_jessica
D:3:      layout_basic, grunt_temple_overflow_open, grunt_ministairs_1,
          nrook_mini_backslash, nicolae_elevator_lobby_asterisk, uniq_ijyb,
          uniq_terence
D:4:      layout_loops_ring, minmay_misc_feat_more_columns,
          kennysheep_cross_bottleneck, nicolae_figureground_pulse

Skill      XL: |  1  2  3  4  5  6  7 |
---------------+----------------------+-----
Fighting       | 4 5 6 |  6.2
Maces & Flails | 3 4 5 |  5.1
Stealth        | 1 2 |  2.3
Armour         | 4 |  4.1
Shields        | |  3.2

Action                   |  1- 3 |  4- 6 |  7- 9 || total
-------------------------+-------+-------+-------++-------
Melee: Flail             |    63 |    11 |       ||    74
       Mace              |       |    66 |    19 ||    85
 Fire: Hunting sling     |    23 |       |     4 ||    27
  Use: Potion            |       |     2 |       ||     2
       Scroll            |       |       |     1 ||     1
Armor: Scale mail        |    14 |       |       ||    14
       Chain mail        |    26 |    28 |    10 ||    64
Dodge: Dodged            |    22 |    18 |     9 ||    49
Block: Buckler           |    12 |    15 |     7 ||    34
